 Dungeon Crawl Stone Soup version 0.31-a0-188-g5e087ee2ca (webtiles) character file.

Game seed: 9963519784472898913

321 qw the Skirmisher (level 6, -3/36 HPs)
             Began as a Deep Elf Hunter on June 22, 2023.
             Slain by an iron imp (7 damage)
             ... summoned by Eustachio
             ... on level 4 of the Dungeon.
             The game lasted 00:00:59 (2609 turns).

qw the Skirmisher (Deep Elf Hunter)                 Turns: 2609, Time: 00:00:59

Health: -3/36      AC:  6    Str:  8 (10) XL:     6   Next: 22%
Magic:  8/8        EV: 10    Int: 14      God:
Gold:   269        SH:  0    Dex: 18      Spells: 5/5 levels left

rFire   . . .        Y - +1 shortbow
rCold   . . .        (shield currently unavailable)
rNeg    . . .        a - +0 ring mail
rPois   .            (no helmet)
rElec   .            (no cloak)
rCorr   .            g - +0 pair of gloves
SInv    .            (no boots)
Will    .....        (no amulet)
Stlth   +            (no ring)
HPRegen 0.26/turn    (no ring)
MPRegen 0.11/turn

%: no passive effects
@: no status effects
A: no striking features
a: no special abilities


You were on level 4 of the Dungeon.
You visited 1 branch of the dungeon, and saw 4 of its levels.

You collected 269 gold pieces.


   Skills:
 - Level 2.6 Fighting
 + Level 9.3 Ranged Weapons
 - Level 2.4 Dodging
 - Level 1.2 Stealth


You had 5 spell levels left.
You didn't know any spells.
Your spell library was empty.

Inventory:

Hand Weapons
 Y - a +1 shortbow (weapon)
Armour
 a - a +0 ring mail (worn)
 g - a +0 pair of gloves (worn)
Scrolls
 b - a scroll of brand weapon {unknown}
 d - a scroll of identify
Potions
 e - a potion of haste {unknown}
 f - a potion of enlightenment {unknown}
 h - a potion of curing
 i - a potion of invisibility {unknown}
 k - a potion of magic {unknown}

Dungeon Overview and Level Annotations

Branches:
Dungeon (4/15)
 Temple: D:4-7

Altars:
The Shining One

Annotations:
D:4 Eustachio


Message History

Eustachio is heavily wounded.
Eustachio hits you with a +0 falchion.
You shoot an arrow.
The arrow hits Eustachio but does no damage.
Eustachio is heavily wounded.
Eustachio hits you with a +0 falchion!
You shoot an arrow.
The arrow hits Eustachio but does no damage.
Eustachio is heavily wounded.
Eustachio screams, "At last I'll have my revenge!"
Eustachio misses you.
You shoot an arrow.
The arrow hits Eustachio but does no damage.
Eustachio is heavily wounded.
Eustachio hits you but does no damage.
You shoot an arrow. The arrow closely misses Eustachio.
Eustachio hits you with a +0 falchion.
You shoot an arrow. The arrow hits Eustachio!
Eustachio is severely wounded.
Eustachio casts a spell.
Eustachio hits you with a +0 falchion.
You shoot an arrow. The arrow hits Eustachio.
Eustachio is almost dead.
The ufetubus closely misses you. The ufetubus barely misses you.
Eustachio hits you with a +0 falchion.
You shoot an arrow. The arrow completely misses Eustachio.
The ufetubus barely misses you. The ufetubus completely misses you.
The iron imp hits you. The ufetubus barely misses you. The ufetubus hits you.
Eustachio barely misses you.
You shoot an arrow. The arrow barely misses Eustachio.
The arrow hits the shadow imp but does no damage.
The ufetubus misses you. The ufetubus closely misses you.
The iron imp completely misses you.
Eustachio mumbles some strange words.
You shoot an arrow.
The arrow hits Eustachio but does no damage.
Eustachio is almost dead.
The ufetubus hits you but does no damage. x2
The ufetubus closely misses you. x2; The iron imp hits you!
You die...

#.......# ##)####.##.
... #.# #)# .. #.# #.#
#.# .# #.# #.# #.#
.##.# #.# #.# .#.##
#.####.# ...# ...#
#.#.##.# #@5# ...#
#.#....# #@5# #...#
#.#.##########r5# #...#
#.#.)...........# #...#
#.#############.###...#
#.%...................#
#################.....#
##....# #....# ##.%%#


You could see Eustachio, an iron imp (summoned), a shadow imp (summoned), an
ufetubus (summoned) and a quokka (summoned).

Vanquished Creatures
  A black bear (D:4)
  An ogre (D:4)
  A hound (D:4)
  Terence (D:3)
  2 worms
  A dart slug (D:3)
  5 orcs
  5 ball pythons
  4 bats
  5 endoplasms
  3 giant cockroaches
  8 goblins
  6 hobgoblins
  7 jackals
  8 kobolds
  6 quokkas
  5 frilled lizards
  7 rats
76 creatures vanquished.

Notes
Turn   | Place    | Note
-------+----------+-------------------------------------------
     0 | D:1      | qw the Deep Elf Hunter began the quest for the Orb.
     0 | D:1      | Reached XP level 1. HP: 12/12 MP: 3/3
     0 | D:1      | 0 ||| qw: Version: 0.3-a-9-g12657ce
     0 | D:1      | 0 ||| qw: Game counter: 2808
     0 | D:1      | 0 ||| qw: Always use a shield: true
     0 | D:1      | 0 ||| qw: God list: Okawaru
     0 | D:1      | 0 ||| qw: Allow faded altars: false
     0 | D:1      | 0 ||| qw: Do Orc after D:15 true
     0 | D:1      | 0 ||| qw: Do second Lair branch before Depths: true
     0 | D:1      | 0 ||| qw: Lair rune preference: random
     0 | D:1      | 0 ||| qw: Plans: Normal
     0 | D:1      | 0 ||| PLANNING D:1-11
   114 | D:1      | Reached XP level 2. HP: 16/16 MP: 4/4
   140 | D:1      | Reached skill level 6 in Ranged Weapons
   355 | D:1      | Found a faded altar of an unknown god.
   368 | D:1      | 368 ||| READING 2 scrolls labelled SUPTEN VUARUA.
   781 | D:1      | 781 ||| READING 2 scrolls labelled CUPYDU ETAPS.
   782 | D:1      | 782 ||| READING scroll labelled NOHUAC XARCHUSO.
   783 | D:1      | 783 ||| DRINKING 2 glowing puce potions.
   784 | D:1      | 784 ||| DROPPING scroll of butterflies.
   922 | D:2      | Reached XP level 3. HP: 20/20 MP: 5/5
  1198 | D:2      | Reached skill level 7 in Ranged Weapons
  1388 | D:2      | 1388 ||| DRINKING 2 smoky yellow potions.
  1540 | D:3      | 1540 ||| FLEEEEING.
  1720 | D:3      | Reached XP level 4. HP: 18/25 MP: 6/6
  1727 | D:3      | HP: 5/25 [orc/+0 hand axe (2)]
  1728 | D:3      | 1728 ||| READING scroll of teleportation.
  1729 | D:3      | 1729 ||| DRINKING potion of heal wounds.
  2157 | D:3      | Noticed Terence
  2162 | D:3      | Killed Terence
  2163 | D:3      | Reached skill level 8 in Ranged Weapons
  2294 | D:3      | Found a glowing golden altar of the Shining One.
  2307 | D:3      | 2307 ||| UPGRADING to +0 ring mail.
  2317 | D:3      | 2317 ||| DROPPING +0 leather armour.
  2318 | D:3      | 2318 ||| UPGRADING to +0 pair of gloves.
  2323 | D:3      | 2323 ||| READING scroll labelled NIUXKO VEKOSIP.
  2324 | D:3      | 2324 ||| DRINKING 2 bubbling inky potions.
  2325 | D:3      | 2325 ||| READING 2 scrolls of identify.
  2325 | D:3      | 2325 ||| IDENTIFYING emerald potion
  2326 | D:3      | 2326 ||| DROPPING potion of attraction.
  2327 | D:3      | 2327 ||| DROPPING potion of degeneration.
  2391 | D:4      | Reached XP level 5. HP: 29/29 MP: 7/7
  2419 | D:4      | Noticed an ogre
  2425 | D:4      | Killed an ogre
  2426 | D:4      | Reached skill level 9 in Ranged Weapons
  2503 | D:4      | Noticed a black bear
  2514 | D:4      | Killed a black bear
  2515 | D:4      | Reached XP level 6. HP: 19/36 MP: 8/8
  2593 | D:4      | Noticed Eustachio
  2607 | D:4      | HP: 5/36 [iron imp[Eustachio] (5)]
  2609 | D:4      | Slain by an iron imp

Levels and vault maps discovered:
D:1:      dpeg_arrival_arbitrary_b, layout_basic,
          shapermc_ecumenical_altar_acropolis, serial_bayou_crossing
D:2:      layout_basic, chequers_decorated_corner
D:3:      layout_basic, tso_oasis_becter, serial_forest,
          infiniplex_forest_clump_long, infiniplex_forest_end_1,
          infiniplex_forest_corner_1, infiniplex_forest_lined_3_way,
          infiniplex_forest_straight_2, infiniplex_forest_corner_1,
          infiniplex_forest_lined_4_way, infiniplex_forest_corner_1,
          minmay_misc_feat_plants, guppyfry_early_orc_mine, uniq_terence
D:4:      layout_basic, uniq_eustachio

Skill      XL: |  1  2  3  4  5 |
---------------+----------------+-----
Ranged Weapons | 6 7 8 9 |  9.3
Fighting       | 2 |  2.6
Dodging        | |  2.4
Stealth        | |  1.2

Action                     |  1- 3 |  4- 6 || total
---------------------------+-------+-------++-------
   Fire: Shortbow          |   133 |    77 ||   210
    Use: Scroll            |     3 |     3 ||     6
         Potion            |     2 |     2 ||     4
 Armour: Leather armour    |     6 |     3 ||     9
         Ring mail         |       |    13 ||    13
  Dodge: Dodged            |    28 |    38 ||    66

Table legend:
 A = Non-vault XP
 B = Vault XP
 C = Vault XP percentage of total XP
 D = Non-vault monster count
 E = Vault monster count
 F = Vault count percentage of total count
                 A         B        C        D         E       F
            +---------+---------+-------+---------+---------+-------
      Total |     406 |      53 |  11.5 |      68 |       8 |  10.5
            +---------+---------+-------+---------+---------+-------
        D:1 |      31 |       0 |   0.0 |      19 |       0 |   0.0
        D:2 |      37 |       0 |   0.0 |      20 |       0 |   0.0
        D:3 |      42 |      53 |  55.8 |      22 |       8 |  26.7
        D:4 |     296 |       0 |   0.0 |       7 |       0 |   0.0
            +---------+---------+-------+---------+---------+-------
